 Dungeon Crawl Stone Soup version 0.22-a0-482-g76e0a5f (webtiles) character file.

167842 nikopol the Sorcerer (level 17, -13/87 HPs)
             Began as a Deep Elf Fire Elementalist on June 13, 2018.
             Was the Champion of Vehumet.
             Mangled by a tarantella (14 damage)
             ... on level 2 of the Spider Nest on June 17, 2018.
             The game lasted 03:15:27 (43652 turns).

nikopol the Sorcerer (Deep Elf Fire Elementalist)  Turns: 43652, Time: 03:15:27

Health: -13/87     AC: 10    Str:  5    XL:     17   Next: 7%
Magic:  45/45      EV:  8    Int: 28    God:    Vehumet [******]
Gold:   2658       SH:  0    Dex: 15    Spells: 29/60 levels left

rFire    + . .     SeeInvis .   D - staff of energy
rCold    . . .     Gourm    .   v - +0 buckler {rN+}
rNeg     + . .     Faith    .   x - +2 robe {Archmagi}
rPois    +         Spirit   .   F - +1 helmet
rElec    .         Reflect  .   f - +2 cloak
rCorr    .         Harm     .   (no gloves)
MR       +....                  o - +0 pair of boots
Stlth    ++........             z - amulet of regeneration
HPRegen  0.64/turn              E - ring of fire
MPRegen  0.29/turn              S - ring "Uvaoweq" {*Drain +Blink rPois rC+ Stlth+}

@: confused, very slightly contaminated, held
A: no striking features
}: 1/15 runes: decaying
a: Renounce Religion, Evoke Blink


You were on level 2 of the Spider Nest.
You worshipped Vehumet.
Vehumet was exalted by your worship.
You were not hungry.

You visited 6 branches of the dungeon, and saw 30 of its levels.
You also visited: Labyrinth.

You collected 3570 gold pieces.
You spent 912 gold pieces at shops.

Inventory:

Hand Weapons
 B - the +6 flail of Vanity {crush, +Rage rPois rF- rN++}
   (You found it on level 8 of the Dungeon)

   It inflicts extra damage upon your enemies.
   It makes you vulnerable to fire.
   It protects you from poison.
   It greatly protects you from negative energy.
   It lets you go berserk.
 W - the +6 rapier of the Shining Light {pierce, Int+5}
   (You found it on level 6 of the Lair of Beasts)

   It inflicts extra damage upon your enemies.
   It affects your intelligence (+5).
Armour
 f - a +2 cloak (worn)
 o - a +0 pair of boots (worn)
 v - a +0 buckler of positive energy (worn)
 x - a +2 robe of the Archmagi (worn)
 F - a +1 helmet (worn)
Magical Staves
 D - an uncursed staff of energy (weapon)
 Z - an uncursed staff of wizardry
Jewellery
 l - an uncursed ring of resist corrosion
 z - an amulet of regeneration (around neck)
 E - a ring of fire (left hand)
 K - an uncursed ring of protection from cold
 S - the ring "Uvaoweq" (right hand) {*Drain +Blink rPois rC+ Stlth+}
   (You found it on level 4 of the Lair of Beasts)

   [ring of protection from cold]

   It protects you from cold.
   It protects you from poison.
   It lets you blink.
   It causes draining when unequipped.
   It makes you more stealthy.
 X - an uncursed ring of protection from magic
Wands
 w - a wand of clouds (13)
 G - a wand of digging (21)
 L - a wand of iceblast (54)
 N - a wand of enslavement (13)
 O - a wand of acid (18)
 R - a wand of disintegration (7)
 Y - a wand of polymorph (11)
Scrolls
 b - 7 scrolls of fog
 d - 6 scrolls of magic mapping
 g - 4 scrolls of fear
 k - 11 scrolls of remove curse
 m - a scroll of silence
 n - 4 scrolls of immolation
 r - 7 scrolls of amnesia
 t - 9 scrolls of teleportation
 y - 3 scrolls of identify
 C - 9 scrolls of blinking
 H - a scroll of summoning
 U - 2 scrolls of enchant weapon
 V - 2 scrolls of enchant armour
Potions
 e - a potion of resistance
 h - 7 potions of curing
 i - 5 potions of mutation
 j - a potion of cancellation
 p - 4 potions of magic
 q - 2 potions of berserk rage
 s - 9 potions of lignification
 u - 9 potions of flight
 A - 5 potions of heal wounds
 I - 5 potions of might
 J - 6 potions of brilliance
 M - 3 potions of haste
 Q - a potion of ambrosia
 T - 2 potions of invisibility
Miscellaneous
 P - a box of beasts
Comestibles
 c - 26 rations


   Skills:
 + Level 3.2 Fighting
 - Level 0.5(0.6) Maces & Flails
 + Level 0.1(0.5) Staves
 + Level 6.9 Dodging
 + Level 5.6 Stealth
 + Level 4.0 Shields
 + Level 22.0 Spellcasting
 + Level 17.6 Conjurations
 + Level 16.7 Fire Magic
 + Level 0.5 Air Magic
 + Level 4.7 Earth Magic
 + Level 1.5 Evocations


You had 29 spell levels left.
You knew the following spells:

 Your Spells              Type           Power        Failure   Level  Hunger
a - Flame Tongue          Conj/Fire      #####        0%          1    None
b - Throw Flame           Conj/Fire      ######       0%          2    None
c - Conjure Flame         Conj/Fire      ########     0%          3    None
d - Sticky Flame          Conj/Fire      ########     0%          4    None
e - Fireball              Conj/Fire      ########..   1%          5    None
f - Lightning Bolt        Conj/Air       #######...   1%          5    None
g - Bolt of Magma         Conj/Fire/Erth ########..   1%          5    None
h - Iron Shot             Conj/Erth      #######...   1%          6    None

Your spell library contained the following spells:

 Spells                   Type           Power        Failure   Level  Hunger
 Cause Fear               Hex            #####.....   12%         4    None
 Apportation              Tloc           #####.       1%          1    None
 Bolt of Fire             Conj/Fire      ########..   1%          6    None
 Freezing Cloud           Conj/Ice/Air   #######...   4%          6    None
 Summon Small Mammal      Summ           ####         1%          1    None
 Bolt of Draining         Conj/Necr      #######...   1%          5    None
 Animate Dead             Necr           N/A          12%         4    None
 Pain                     Necr           ####         1%          1    None
 Animate Skeleton         Necr           N/A          1%          1    None
 Vampiric Draining        Necr           #####.....   3%          3    None
 Summon Ice Beast         Ice/Summ       #####...     12%         4    None
 Call Imp                 Summ           #####...     1%          2    None
 Regeneration             Chrm/Necr      #####.....   3%          3    None
 Spider Form              Tmut/Pois      #####.....   3%          3    None
 Blade Hands              Tmut           #####.....   32%         5    None
 Ice Form                 Ice/Tmut       #####...     12%         4    None
 Dragon Form              Tmut           #####.....   100%        7    None
 Deflect Missiles         Chrm/Air       #####.....   85%         6    None
 Confusing Touch          Hex            #####.       1%          1    None
 Sticks to Snakes         Tmut           #####...     1%          2    None
 Call Canine Familiar     Summ           #####...     3%          3    None
 Silence                  Hex/Air        #####.....   28%         5    None
 Excruciating Wounds      Chrm/Necr      #####.....   32%         5    None
 Inner Flame              Hex/Fire       ########     1%          3    None
 Beastly Appendage        Tmut           #####.       1%          1    None
 Discord                  Hex            #####.....   100%        8    None
 Summon Lightning Spire   Summ/Air       #####...     11%         4    None
 Summon Guardian Golem    Hex/Summ       #####...     3%          3    None
 Dragon's Call            Summ           #####.....   100%        9    None
 Yara's Violent Unravell  Hex/Tmut       #####.....   9%          5    None


Dungeon Overview and Level Annotations

Branches:
Dungeon (15/15)            Temple (1/1) D:7            Lair (6/6) D:11
  Swamp (4/4) Lair:4       Spider (2/4) Lair:4        Slime (0/5) Lair:6
    Orc (2/2) D:10            Elf (0/3) Orc:2        Vaults (0/5) D:14
 Depths (0/5) D:15

Altars:
Ashenzari
Cheibriados
Dithmenos
Elyvilon
Fedhas
Gozag
Hepliaklqana
Kikubaaqudgha
Makhleb
Nemelex Xobeh
Okawaru
Qazlal
Ru
Sif Muna
Trog
Uskayaw
Vehumet
Wu Jian
Xom
Yredelemnul
Zin
The Shining One
Beogh
Jiyva

Shops:
D:10 *   D:11 ?   Orc:2 !?([

Annotations:
Lair:1 exclusion: oklob plant


Message History

Press: ? - help, Dir - move target cursor
As you read the scroll of blinking, it crumbles to dust.
A wolf spider comes into view.
The jumping spider hisses angrily.
The jumping spider pounces on you but does no damage.
The jumping spider bites you. The redback misses you. The tarantella bites you.
You are confused.
The jumping spider barely misses you.
The jumping spider bites you but does no damage.
The redback bites you but does no damage.
The tarantella bites you.
* * * LOW HITPOINT WARNING * * *
You are more confused.
The jumping spider pounces on you!
* * * LOW HITPOINT WARNING * * *
You are caught in a web!
The jumping spider closely misses you. The redback bites you!
* * * LOW HITPOINT WARNING * * *
The tarantella bites you!
You die...

......
................
......
........†y.......
......
.................
......
........s........
......
.......s......y..
.....#
....s....^.......
!.#...
......sss........
......
.......ss........
......
...s.ss@s../.....
......
...............
....†.
.s.......#.....
...... ..........
.... ..^...
..[........ #..
....s.
............ .
....s.
.............
.........?....


You could see a spark wasp (wandering), a demonic crawler, 3 wolf spiders, a
moth of wrath, 2 jumping spiders, 2 tarantellas and 5 redbacks.

Vanquished Creatures
  2 thorn hunters
  A fire giant (D:15)
  An orc warlord (Orc:2)
  Aizul (Spider:1)
  A very ugly thing (Swamp:2)
  A minotaur (Lab)
  Azrael (D:12)
  Snorg (D:14)
  26 hydras
  Erolcha (Orc:1)
  The ghost of galech the Fighter, a novice OgBe of Trog (D:9)
  2 ghost crabs
  A death knight (D:15)
  6 centaur warriors
  3 two-headed ogres
  2 dancing weapons (D:14)
  9 alligators
  An orc high priest (Orc:1)
  A tengu warrior (Swamp:4)
  Urug (D:11)
  Sonja (D:11)
  Nergalle (Orc:1)
  4 spriggan druids
  An unseen horror (D:14)
  6 swamp dragons
  4 shambling mangroves
  2 wizards
  A lindwurm (Lair:6)
  6 orc knights
  Pikel (D:7)
  A phantasmal warrior (D:15)
  An orb spider (Spider:1)
  3 wolf spiders
  4 ugly things
  4 orc sorcerers
  2 deep elf magi
  4 cyclopes
  8 oklob plants
  A manticore (D:15)
  5 elephants (Lair:6)
  A moth of wrath (Spider:2)
  8 black mambas
  28 spiny frogs
  3 gargoyles
  A molten gargoyle (D:15)
  A torpor snail (Lair:5)
  An efreet (D:15)
  A freezing wraith (D:15)
  A tengu conjurer (Swamp:4)
  2 demonic crawlers (Spider:1)
  6 komodo dragons
  7 trolls
  14 hornets
  9 jumping spiders
  2 polar bears (Lair:5)
  15 tyrant leeches
  28 slime creatures
  13 dream sheep
  54 blink frogs
  7 bog bodies
  8 hippogriffs
  4 spriggans
  11 redbacks
  5 tarantellas
  2 wyverns
  2 shadows
  A wraith (D:15)
  A centaur simulacrum (D:14)
  2 hogs (D:8)
  41 yaks
  3 fire elementals
  Grum (D:8)
  3 basilisks
  A human (D:8)
  21 vampire mosquitoes
  3 hungry ghosts
  13 swamp worms
  3 insubstantial wisps
  3 wargs
  An acid dragon (D:15)
  2 hell hounds (D:12)
  8 water moccasins
  A soldier ant (shapeshifter) (D:14)
  21 swamp drakes
  8 porcupines
  Duvessa (D:7)
  4 ice beasts
  45 orc warriors
  5 sky beasts
  5 phantoms
  3 eyes of draining
  10 ogres
  An ogre (shapeshifter) (D:15)
  15 wolves
  19 centaurs
  13 crocodiles
  A big kobold (D:4)
  37 bullfrogs
  A wyvern zombie (D:14)
  A gnoll sergeant (Orc:2)
  A wyvern skeleton (D:13)
  A scorpion (Lair:1)
  Dowan (D:7)
  6 killer bees (D:10)
  A howler monkey (D:11)
  2 electric eels
  17 crimson imps
  6 centaur zombies
  3 bullfrog skeletons
  2 hounds (D:8)
  2 jellies
  33 orc wizards
  22 orc priests
  3 centaur skeletons
  2 iguanas
  10 worker ants
  A hound skeleton (D:4)
  A hound zombie (D:8)
  9 adders
  12 gnolls
  2 shadow imps (D:12)
  2 adder skeletons
  4 worms
  2 dart slugs
  6 leopard geckos
  121 orcs
  2 ball pythons
  18 bats
  2 giant cockroaches
  11 goblins
  16 hobgoblins
  9 jackals
  7 kobolds
  8 quokkas
  11 frilled lizards
  2 leopard gecko skeletons
  A quokka zombie (D:6)
  12 rats
  A fire vortex (D:15)
  2 fungi
  15 plants
1044 creatures vanquished.

Vanquished Creatures (collateral kills)
  A plant (Lair:6)
1 creature vanquished.

Vanquished Creatures (others)
  A wyvern skeleton (D:15)
  16 fungi
  49 plants
  9 toadstools (Lair:1)
75 creatures vanquished.

Grand Total: 1120 creatures vanquished

Notes
Turn   | Place    | Note
-------+----------+-------------------------------------------
     0 | D:1      | nikopol the Deep Elf Fire Elementalist began the quest for the Orb.
     0 | D:1      | Reached XP level 1. HP: 10/10 MP: 6/6
   140 | D:1      | Reached XP level 2. HP: 15/15 MP: 5/8
   275 | D:1      | Found a snail-covered altar of Cheibriados.
   299 | D:1      | Learned a level 2 spell: Throw Flame
   719 | D:1      | Reached XP level 3. HP: 19/19 MP: 8/10
  1110 | D:1      | Reached skill level 4 in Spellcasting
  1321 | D:2      | Learned a level 3 spell: Conjure Flame
  1611 | D:2      | Reached XP level 4. HP: 24/24 MP: 10/12
  1791 | D:1      | Upgraded the game from 0.22-a0-469-gf26638a to 0.22-a0-480-g991dd4b
  2279 | D:2      | Found an iron altar of Okawaru.
  2590 | D:3      | Reached XP level 5. HP: 28/28 MP: 6/13
  2764 | D:3      | Learned a level 4 spell: Sticky Flame
  2965 | D:3      | Found a burning altar of Makhleb.
  2966 | D:3      | Found a glowing silver altar of Zin.
  2966 | D:3      | Noticed an angel
  2967 | D:3      | Noticed a blizzard demon
  3259 | D:4      | Reached skill level 5 in Spellcasting
  3850 | D:4      | Reached XP level 6. HP: 32/32 MP: 7/15
  3981 | D:4      | Reached skill level 5 in Fire Magic
  4132 | D:4      | Found an ornate altar of the Wu Jian Council.
  4456 | D:5      | Entered Level 5 of the Dungeon
  4647 | D:5      | Learned a level 5 spell: Fireball
  4754 | D:5      | Noticed an ice beast
  4918 | D:5      | Reached skill level 6 in Spellcasting
  4918 | D:5      | Reached XP level 7. HP: 36/36 MP: 8/18
  5367 | D:5      | Reached skill level 7 in Spellcasting
  5452 | D:5      | Reached skill level 5 in Conjurations
  5591 | D:5      | Reached XP level 8. HP: 41/41 MP: 12/21
  5843 | D:5      | Reached skill level 8 in Spellcasting
  6814 | D:6      | Reached skill level 1 in Fighting
  6824 | D:6      | Reached skill level 9 in Spellcasting
  7389 | D:7      | Reached XP level 9. HP: 47/47 MP: 17/24
  7422 | D:7      | Found a shattered altar of Ashenzari.
  7658 | D:7      | Found a staircase to the Ecumenical Temple.
  7659 | D:7      | Noticed Dowan
  7663 | D:7      | Killed Dowan
  7714 | Temple   | Entered the Ecumenical Temple
  7755 | Temple   | Became a worshipper of Vehumet
  7811 | D:7      | Noticed Duvessa
  7822 | D:7      | Killed Duvessa
  8304 | D:7      | Noticed Pikel
  8315 | D:7      | Killed Pikel
  8315 | D:7      | Reached skill level 10 in Spellcasting
  8931 | D:8      | Noticed Grum
  8938 | D:8      | Killed Grum
  9081 | D:8      | Found a bloodstained altar of Trog.
  9222 | D:8      | Reached skill level 11 in Spellcasting
  9304 | D:8      | Got a crude flail
  9305 | D:8      | Identified the +6 flail of Vanity {crush, +Rage rPois rF- rN++} (You found it on level 8 of the Dungeon)
  9770 | D:8      | Reached * piety under Vehumet
  9770 | D:8      | Offered knowledge of Shock by Vehumet.
  9770 | D:8      | Reached XP level 10. HP: 52/52 MP: 7/27
 10103 | D:9      | Found a glowing golden altar of the Shining One.
 10137 | D:9      | Found a snail-covered altar of Cheibriados.
 10154 | D:9      | Found a shadowy altar of Dithmenos.
 10163 | D:9      | Found a shimmering altar of Xom.
 10215 | D:9      | Noticed galech's ghost (novice OgBe)
 10265 | D:9      | Killed galech's ghost
 10625 | D:9      | Found a white marble altar of Elyvilon.
 10727 | D:9      | Reached skill level 12 in Spellcasting
 10960 | D:9      | Noticed a two-headed ogre
 10971 | D:9      | Killed a two-headed ogre
 11214 | D:10     | Entered Level 10 of the Dungeon
 11361 | D:10     | Noticed a gargoyle
 11377 | D:10     | Killed a gargoyle
 11377 | D:10     | Reached skill level 10 in Conjurations
 11510 | D:10     | Found Lunges's General Store.
 11525 | D:10     | Bought a scroll of blinking for 90 gold pieces
 11584 | D:10     | Reached skill level 10 in Fire Magic
 11708 | D:10     | Reached skill level 13 in Spellcasting
 11708 | D:10     | Reached XP level 11. HP: 57/57 MP: 18/30
 11745 | D:10     | Reached ** piety under Vehumet
 11745 | D:10     | Offered knowledge of Sting by Vehumet.
 12104 | D:10     | Found a portal to a secret trove of treasure.
 12539 | D:10     | Found a staircase to the Orcish Mines.
 12596 | D:11     | Noticed Sonja
 12598 | D:11     | Killed Sonja
 12714 | D:11     | Found Hatritt's Magic Scroll Boutique.
 12719 | D:11     | Bought a scroll of blinking for 105 gold pieces
 12719 | D:11     | Bought a scroll of fog for 28 gold pieces
 13045 | D:11     | Noticed Urug
 13054 | D:11     | Offered knowledge of Mephitic Cloud by Vehumet.
 13317 | D:11     | Noticed a cyan ugly thing
 13322 | D:11     | Killed a cyan ugly thing
 13742 | D:11     | Reached skill level 14 in Spellcasting
 13768 | D:11     | Found a staircase to the Lair.
 13806 | D:11     | Killed Urug
 14028 | Lair:1   | Entered Level 1 of the Lair of Beasts
 14029 | Lair:1   | Reached skill level 5 in Dodging
 14235 | D:11     | Reached *** piety under Vehumet
 14552 | Lair:1   | Noticed a six-headed hydra
 14571 | Lair:1   | Killed a six-headed hydra
 15378 | Lair:1   | Found a blossoming altar of Fedhas.
 15389 | Lair:1   | Noticed an oklob plant
 15600 | Lair:1   | Reached XP level 12. HP: 64/64 MP: 30/32
 15711 | Lair:2   | Noticed a five-headed hydra
 15716 | Lair:2   | Killed a five-headed hydra
 15929 | Lair:2   | Reached skill level 15 in Spellcasting
 15939 | Lair:2   | Noticed a five-headed hydra
 16617 | Lair:2   | Killed a five-headed hydra
 18263 | Lair:3   | Noticed a five-headed hydra
 18484 | Lair:3   | Noticed a five-headed hydra
 18488 | Lair:3   | Killed a five-headed hydra
 18488 | Lair:3   | Offered knowledge of Dazzling Spray by Vehumet.
 18823 | Lair:3   | Reached skill level 16 in Spellcasting
 19293 | Lair:4   | Killed a five-headed hydra
 19324 | Lair:4   | Found a labyrinth entrance.
 19338 | Lair:4   | Noticed a four-headed hydra
 19343 | Lair:4   | Killed a four-headed hydra
 19354 | Lab      | Entered a labyrinth
 20768 | Lab      | Noticed a minotaur
 20775 | Lab      | Killed a minotaur
 20873 | Lab      | Identified the Papyrus of Dark Ice
 20906 | Lair:4   | Reached XP level 13. HP: 55/68 MP: 10/35
 20916 | Lair:4   | Reached skill level 1 in Evocations
 21214 | Lair:4   | Found a staircase to the Swamp.
 21435 | Lair:4   | Reached **** piety under Vehumet
 21583 | Lair:4   | Offered knowledge of Lightning Bolt by Vehumet.
 21590 | Lair:4   | Learned a level 5 spell: Lightning Bolt
 21622 | Lair:4   | Found a hole to the Spider Nest.
 21887 | Lair:4   | Got a coiled brass ring
 23155 | Lair:5   | Reached skill level 17 in Spellcasting
 23698 | Lair:6   | Entered Level 6 of the Lair of Beasts
 23937 | Lair:6   | Reached skill level 5 in Stealth
 24093 | Lair:6   | Reached ***** piety under Vehumet
 24096 | Lair:6   | Upgraded the game from 0.22-a0-480-g991dd4b to 0.22-a0-482-g76e0a5f
 24096 | Lair:6   | Offered knowledge of Bolt of Magma by Vehumet.
 24109 | Lair:5   | Learned a level 5 spell: Bolt of Magma
 25297 | Lair:6   | Reached XP level 14. HP: 74/74 MP: 32/37
 25470 | Lair:6   | Reached skill level 18 in Spellcasting
 26399 | Lair:6   | Offered knowledge of Conjure Ball Lightning by Vehumet.
 26444 | Lair:6   | Reached skill level 1 in Earth Magic
 26902 | Lair:6   | Got an ancient rapier
 26903 | Lair:6   | Identified the +6 rapier of the Shining Light {pierce, Int+5} (You found it on level 6 of the Lair of Beasts)
 26910 | Lair:6   | Identified the ring "Uvaoweq" {*Drain +Blink rPois rC+ Stlth+} (You found it on level 4 of the Lair of Beasts)
 27143 | Lair:6   | Reached skill level 15 in Conjurations
 27231 | Lair:6   | Found a staircase to the Slime Pits.
 27231 | Lair:6   | Found a viscous altar of Jiyva.
 27808 | Orc:1    | Entered Level 1 of the Orcish Mines
 28025 | Orc:2    | Entered Level 2 of the Orcish Mines
 28462 | Orc:1    | Reached skill level 19 in Spellcasting
 29168 | Orc:1    | Offered knowledge of Iron Shot by Vehumet.
 29176 | Orc:1    | Learned a level 6 spell: Iron Shot
 29238 | Orc:1    | Noticed Nergalle
 29241 | Orc:1    | Killed Nergalle
 29463 | Orc:1    | Noticed Erolcha
 29465 | Orc:1    | Killed Erolcha
 30097 | Orc:2    | Found a roughly hewn altar of Beogh.
 30131 | Orc:2    | Found a roughly hewn altar of Beogh.
 30210 | Orc:2    | Found a staircase to the Elven Halls.
 30438 | Orc:2    | Found a roughly hewn altar of Beogh.
 30593 | Orc:2    | Found a roughly hewn altar of Beogh.
 30598 | Orc:2    | Found Luovviu's Distillery.
 30605 | Orc:2    | Bought a potion of magic for 88 gold pieces
 30605 | Orc:2    | Bought a potion of magic for 88 gold pieces
 30640 | Orc:2    | Found a roughly hewn altar of Beogh.
 30661 | Orc:2    | Found a roughly hewn altar of Beogh.
 30983 | Orc:2    | Noticed an orc warlord
 30990 | Orc:2    | Killed an orc warlord
 31078 | Orc:2    | Reached XP level 15. HP: 78/78 MP: 29/40
 31136 | Orc:2    | Found Nicsy's Antique Armour Emporium.
 31137 | Orc:2    | Found a roughly hewn altar of Beogh.
 31139 | Orc:2    | Found Roadaczo's Antique Weapon Shoppe.
 31158 | Orc:2    | Bought a runed buckler for 225 gold pieces
 31200 | Orc:2    | Found Voqoaf's Magic Scroll Emporium.
 31208 | Orc:2    | Bought a scroll of blinking for 120 gold pieces
 31208 | Orc:2    | Bought a scroll of teleportation for 48 gold pieces
 31208 | Orc:2    | Bought a scroll of blinking for 120 gold pieces
 31727 | D:12     | Reached ****** piety under Vehumet
 31755 | D:12     | Offered knowledge of Venom Bolt by Vehumet.
 31925 | D:12     | Reached skill level 1 in Shields
 32173 | D:12     | Noticed Azrael
 32206 | D:12     | Killed Azrael
 33863 | D:13     | Reached skill level 15 in Fire Magic
 34942 | D:14     | Reached skill level 20 in Spellcasting
 35144 | D:14     | Found a gate to the Vaults.
 35147 | D:14     | Offered knowledge of Bolt of Cold by Vehumet.
 35413 | D:14     | Noticed Snorg
 35417 | D:14     | Killed Snorg
 35933 | D:15     | Entered Level 15 of the Dungeon
 36019 | D:15     | Found a staircase to the Depths.
 36019 | D:15     | Noticed a fire giant
 36030 | D:15     | Killed a fire giant
 37284 | Swamp:1  | Entered Level 1 of the Swamp
 37882 | Swamp:1  | Reached XP level 16. HP: 83/83 MP: 32/42
 37996 | Swamp:1  | Offered knowledge of Poison Arrow by Vehumet.
 38643 | Swamp:2  | Noticed a thorn hunter
 38646 | Swamp:2  | Killed a thorn hunter
 39187 | Swamp:2  | Reached skill level 21 in Spellcasting
 40166 | Swamp:3  | Noticed a thorn hunter
 40168 | Swamp:3  | Killed a thorn hunter
 41113 | Swamp:4  | Entered Level 4 of the Swamp
 42481 | Swamp:4  | Got a decaying rune of Zot
 42913 | Spider:1 | Entered Level 1 of the Spider Nest
 43119 | Spider:1 | Noticed Aizul
 43123 | Spider:1 | Killed Aizul
 43402 | Spider:2 | Reached XP level 17. HP: 87/87 MP: 37/44
 43505 | Spider:2 | Reached skill level 22 in Spellcasting
 43652 | Spider:2 | HP: 1/87 [redback (10)]
 43652 | Spider:2 | Mangled by a tarantella

Vault maps used:
D:1:      elethiomel_arrival_shortcut, cheibriados_altar_1
D:2:      nicolae_overflow_hidden_temple, kennysheep_generic_room_2
D:3:      grunt_temple_overflow_order_and_chaos_2, first_ration
D:4:      kennysheep_mini
D:6:      serial_glass, glass_columns_a, glass_columns_b,
          minmay_gold_behind_fungi, kennysheep_generic_room_4
D:7:      evilmike_ruin_ashenzari, minmay_temple_entry_statues_fountains,
          uniq_duvessa, uniq_pikel
D:8:      old_standard_altar, grunt_livestock, grunt_decor_arrowhead, uniq_grum
D:9:      lemuel_doored_altar, grunt_temple_overflow_cloverleaf,
          roderic_st_hans_cross
D:10:     david_orc_4, enter_trove_0, serial_shops,
          nicolae_shop_window_shopping, roderic_batcave, grunt_ministairs_1
D:11:     grunt_lair_entry_orc_guard_hut, serial_shops, shop, uniq_sonja,
          uniq_urug
D:12:     cheibrodos_orc_bank, uniq_azrael
D:14:     erik_vaults_1, serial_glass, glass_columns_a, glass_columns_a,
          glass_columns_a, glass_columns_b, glass_columns_a, glass_columns_b,
          uniq_snorg
D:15:     grunt_enter_depths_giant_problem, glass_columns_a
Temple:   pf_slimified_temple
Lair:1:   tgw_fedhas
Lair:2:   minmay_lair_oklob_tunnel, infiniplex_staircase_pool
Lair:3:   serial_bayou_ford_a
Lair:4:   swamp_mist_pool, spider_nest_entry_rubble, enter_volcano_4,
          lab_entry_generic, grunt_megastairs_4
Lair:6:   minmay_lair_end_frog_pond, slime_altar_1, minmay_lair_oklob_chamber,
          infiniplex_staircase_pool_2
Swamp:1:  nicolae_swamp_very_dense_foliage
Swamp:2:  evilmike_swamp_ruin_house_4
Swamp:3:  evilmike_swamp_ruin_house_3, swamp_pool5
Swamp:4:  swamp, swamp_pool5, kb_tengu_band
Spider:1: uniq_aizul
Orc:1:    sword_in_stone, uniq_nergalle, uniq_erolcha
Orc:2:    grunt_orc_community_town_hall, grunt_orc_community_big_house_2,
          grunt_orc_community_big_house_1, grunt_orc_community_house_3,
          grunt_orc_community_house_2, grunt_orc_community_house_3,
          grunt_orc_community_house_1, grunt_orc_community_house_3
Lab:      labyrinth_glass_1

Skill      XL: |  1  2  3  4  5  6  7  8  9 10 11 12 13 14 15 16 17 |
---------------+----------------------------------------------------+-----
Fire Magic     | 4 5 6 7 8 10 11 12 13 14 15 16 | 16.7
Spellcasting   | 4 5 6 7 9 11 13 14 16 17 19 20 21 22 | 22.0
Conjurations   | 2 3 4 5 7 8 10 11 12 14 15 16 17 | 17.6
Dodging        | 3 4 5 6 |  6.9
Stealth        | 3 4 5 |  5.6
Fighting       | 1 2 3 |  3.2
Evocations     | 1 |  1.5
Earth Magic    | 2 4 |  4.7
Shields        | 4 |  4.0
Maces & Flails | |  0.5
Staves         | |  0.1
Air Magic      | |  0.5

Action                   |  1- 3 |  4- 6 |  7- 9 | 10-12 | 13-15 | 16-18 || total
-------------------------+-------+-------+-------+-------+-------+-------++-------
Melee: Dagger            |     1 |    20 |    26 |       |       |       ||    47
       Whip              |       |       |    30 |       |       |       ||    30
       Flail             |       |       |       |    18 |     4 |       ||    22
       Staff             |       |       |       |       |     1 |     2 ||     3
 Cast: Flame Tongue      |   106 |   139 |   149 |   266 |   372 |    16 ||  1048
       Throw Flame       |       |     8 |    23 |    35 |    42 |     3 ||   111
       Conjure Flame     |       |     7 |     7 |    16 |     1 |       ||    31
       Sticky Flame      |       |     3 |    25 |    53 |    86 |    13 ||   180
       Fireball          |       |       |    15 |   114 |   282 |   200 ||   611
       Bolt of Magma     |       |       |       |       |    88 |    19 ||   107
       Lightning Bolt    |       |       |       |       |     9 |       ||     9
       Iron Shot         |       |       |       |       |    61 |     7 ||    68
 Abil: Evoke Blink       |       |       |       |       |       |     5 ||     5
Evoke: Wand              |       |       |       |     7 |     1 |       ||     8
  Use: Scroll            |       |     8 |     6 |     5 |    10 |    10 ||    39
       Potion            |       |       |     1 |     4 |       |       ||     5
  Eat: Chunk             |     2 |    10 |    13 |    22 |    37 |    13 ||    97
       Ration            |       |       |     2 |     4 |     4 |     2 ||    12
Armor: Robe              |    16 |    15 |    26 |    31 |    38 |    27 ||   153
       Skin              |       |       |       |    10 |       |       ||    10
Dodge: Dodged            |    24 |    32 |    64 |    99 |   120 |    51 ||   390
Block: Buckler           |       |       |       |       |     8 |    11 ||    19

Table legend:
 A = Spawn XP
 B = Non-spawn XP
 C = Spawn XP percentage of total XP
 D = Spawn monster count
 E = Non-spawn monster count
 F = Spawn count percentage of total count
 G = Total turns spent on level
                    A         B        C        D         E        F      G
               +---------+---------+-------+---------+---------+-------+---------
         Total |       0 |  221204 |   0.0 |       0 |    1026 |   0.0 | 43652
               +---------+---------+-------+---------+---------+-------+---------
           D:1 |       0 |      53 |   0.0 |       0 |      33 |   0.0 |  1233
           D:2 |       0 |     115 |   0.0 |       0 |      39 |   0.0 |  1148
           D:3 |       0 |      52 |   0.0 |       0 |      15 |   0.0 |   982
           D:4 |       0 |     243 |   0.0 |       0 |      19 |   0.0 |  1191
           D:5 |       0 |    1302 |   0.0 |       0 |      35 |   0.0 |  1614
           D:6 |       0 |     880 |   0.0 |       0 |      25 |   0.0 |  1190
           D:7 |       0 |    1245 |   0.0 |       0 |      13 |   0.0 |  1083
           D:8 |       0 |    2390 |   0.0 |       0 |      29 |   0.0 |  1463
           D:9 |       0 |    2846 |   0.0 |       0 |      13 |   0.0 |  1386
          D:10 |       0 |    3662 |   0.0 |       0 |      48 |   0.0 |  1675
          D:11 |       0 |    5249 |   0.0 |       0 |      24 |   0.0 |  1690
          D:12 |       0 |    8909 |   0.0 |       0 |      58 |   0.0 |  1534
          D:13 |       0 |    6164 |   0.0 |       0 |      24 |   0.0 |  1565
          D:14 |       0 |   15108 |   0.0 |       0 |      42 |   0.0 |  1398
          D:15 |       0 |   10597 |   0.0 |       0 |      37 |   0.0 |  1182
        Lair:1 |       0 |    4461 |   0.0 |       0 |      16 |   0.0 |  1438
        Lair:2 |       0 |    7076 |   0.0 |       0 |      19 |   0.0 |  2567
        Lair:3 |       0 |    3676 |   0.0 |       0 |      14 |   0.0 |   936
        Lair:4 |       0 |   10086 |   0.0 |       0 |      40 |   0.0 |  1737
        Lair:5 |       0 |    9409 |   0.0 |       0 |      36 |   0.0 |  3219
        Lair:6 |       0 |   31207 |   0.0 |       0 |     107 |   0.0 |  1968
       Swamp:1 |       0 |   13392 |   0.0 |       0 |      33 |   0.0 |  1598
       Swamp:2 |       0 |   15042 |   0.0 |       0 |      35 |   0.0 |  1086
       Swamp:3 |       0 |   13866 |   0.0 |       0 |      34 |   0.0 |  1635
       Swamp:4 |       0 |   23821 |   0.0 |       0 |      49 |   0.0 |  1263
      Spider:1 |       0 |    5705 |   0.0 |       0 |      15 |   0.0 |   706
      Spider:2 |       0 |    5286 |   0.0 |       0 |      17 |   0.0 |    33
         Orc:1 |       0 |    9107 |   0.0 |       0 |      40 |   0.0 |  1287
         Orc:2 |       0 |    8994 |   0.0 |       0 |     116 |   0.0 |  2247
           Lab |       0 |    1261 |   0.0 |       0 |       1 |   0.0 |  1543
               +---------+---------+-------+---------+---------+-------+---------
